 Dungeon Crawl Stone Soup version 0.28-a0-1504-g839a4452db (console) character file.

Game seed: 8774114755793899333

60 Banquo the Skirmisher (level 4, -4/35 HPs)
             Began as a Djinni Cinder Acolyte on Jan 13, 2022.
             Was a High Priest of Ignis.
             Slain by a gnoll (15 damage)
             ... on level 2 of the Dungeon.
             The game lasted 00:04:07 (1311 turns).

Banquo the Skirmisher (Djinni Cinder Acolyte)       Turns: 1311, Time: 00:04:09

Health: -4/35      AC:  2    Str: 13    XL:     4   Next: 25%
Gold:   76         EV: 11    Int: 17    God:    Ignis [*****.] SH:  5 Dex:  9

rFire   + + +      SeeInvis .   a - -1 hand axe (flame)
rCold   x . .      Faith    .   i - +2 buckler
rNeg    . . .      Spirit   .   d - +0 robe
rPois   ∞          Reflect  .   h - +0 hat
rElec   .          Harm     .   e - scarf {shadows}
rCorr   .          Rampage  .   (no gloves)
Will    .....                   (boots unavailable)
Stlth   +.........              (no amulet)
HPRegen 0.11/turn               (no ring)
MPRegen 0.00/turn               (no ring)

@: flying
A: sickness immunity, fire resistance 2, cold vulnerability 1, float, innate
caster, hp casting, extra vitality 1
a: Renounce Religion, Fiery Armour, Foxfire Swarm, Rising Flame


You were on level 2 of the Dungeon.
You worshipped Ignis.
Ignis was extremely pleased with you.
You visited 1 branch of the dungeon, and saw 2 of its levels.

You collected 76 gold pieces.

Inventory:

Hand Weapons
 a - a -1 hand axe of flaming (weapon)
Missiles
 c - 2 stones
 m - 4 boomerangs
Armour
 d - a +0 robe (worn)
 e - a scarf of shadows (worn)
 h - a +0 hat (worn)
 i - a +2 buckler (worn)
Magical Staves
 l - a staff of death
Scrolls
 f - 2 scrolls of identify {unknown}
 g - a scroll of torment {unknown}
Potions
 b - a potion of mutation {unknown}
 j - a potion of degeneration {unknown}
 k - a potion of curing {unknown}
 n - a potion of magic {unknown}


   Skills:
 + Level 3.4 Fighting
 + Level 2.8 Axes
 + Level 0.6 Dodging
 * Level 0.7 Shields
 + Level 3.0 Spellcasting


You had 6 spell levels left.
You knew the following spells:

 Your Spells              Type           Power      Damage    Failure   Level
a - Beastly Appendage     Tmut           24%        N/A       7%          1
z - Scorch                Fire           24%        2d6       11%         2
Your spell library was empty.

Dungeon Overview and Level Annotations

Branches:
Dungeon (2/15)

Altars:
Ru


Innate Abilities, Weirdness & Mutations

You are immune to sickness and miasma.
You are immune to poison.
Your flesh is very heat resistant. (rF++)
You are vulnerable to cold. (rC-)
You float through the air rather than walking.
You learn spells naturally, not from books.
Your magical power is your life essence.
You have superior vitality. (+4 MHP)


Message History

Flames lash the gnoll.
The gnoll is moderately wounded.
The gnoll's fire resistance burns away.
The gnoll shouts!
Casting: Scorch (safe; 11% risk of failure)
Press: ? - help, Q - select action, (/) - cycle Dir - look around, f - activate Flames lash the gnoll.
The gnoll is burned terribly!
You kill the gnoll!
A gnoll comes into view. It is wielding a +0 halberd.
You have reached level 4!
You feel agile.
Casting: Scorch (safe; 11% risk of failure)
Press: ? - help, Q - select action, (/) - cycle Dir - look around, f - activate Flames lash the gnoll.
The gnoll is heavily wounded.
The gnoll's fire resistance burns away.
Casting: Scorch (safe; 11% risk of failure)
Press: ? - help, Q - select action, (/) - cycle Dir - look around, f - activate Flames lash the gnoll.
The gnoll is burned terribly!
You kill the gnoll!
Your Spellcasting skill increases to level 3!
Unknown command.
Casting: Scorch (safe; 11% risk of failure)
Press: ? - help, Q - select action, (/) - cycle Dir - look around, f - activate Nothing appears to happen.
Casting: Scorch (safe; 11% risk of failure)
Press: ? - help, Q - select action, (/) - cycle Dir - look around, f - activate Flames lash the gnoll.
The gnoll is lightly wounded.
The gnoll's fire resistance burns away.
Casting: Scorch (safe; 11% risk of failure)
Press: ? - help, Q - select action, (/) - cycle Dir - look around, f - activate Flames lash the gnoll but do no damage.
The gnoll hits you from afar with a +0 halberd.
Casting: Scorch (safe; 11% risk of failure)
Press: ? - help, Q - select action, (/) - cycle Dir - look around, f - activate Flames lash the gnoll.
The gnoll is burned terribly!
The gnoll is heavily wounded.
The gnoll hits you from afar with a +0 halberd!
You die...

#.......#.#
####..###### #
###.....# ....###.# .
#######.# .. ####....#
... ......### ).
......# ############)#
......# #[......@.g..#
......###.############
..........#
......##### ...<..#
......# ......#
#######


You could see a gnoll (combustible).

Vanquished Creatures
  3 gnolls (D:2)
  2 ball pythons
  6 bats (D:1)
  An endoplasm (D:2)
  2 giant cockroaches
  3 goblins
  A hobgoblin (D:1)
  2 quokkas
  3 frilled lizards (D:1)
  3 kobolds (D:1)
  5 rats
31 creatures vanquished.

Vanquished Creatures (others)
  4 toadstools (D:1)
4 creatures vanquished.

Grand Total: 35 creatures vanquished

Notes
Turn   | Place    | Note
-------+----------+-------------------------------------------
     0 | D:1      | Banquo the Djinni Cinder Acolyte began the quest for the
                  | Orb.
     0 | D:1      | Reached XP level 1. HP: 20/20 MP: 0/0
   103 | D:1      | Reached XP level 2. HP: 19/25 MP: 0/0
   597 | D:1      | Reached XP level 3. HP: 26/30 MP: 0/0
   597 | D:1      | Learned a level 1 spell: Beastly Appendage
   973 | D:2      | Found a sacrificial altar of Ru.
  1049 | D:2      | Found Weogg's Antique Weapon Shop.
  1304 | D:2      | Reached XP level 4. HP: 26/35 MP: 0/0
  1311 | D:2      | Slain by a gnoll

Illustrated notes

Levels and vault maps discovered:
D:1:      ldierk_walled_garden_2, layout_rooms
D:2:      layout_rooms, serial_shops, shop, basic_altar, grunt_ministairs_15

Skill      XL: |  1  2  3  4 |
---------------+-------------+-----
Spellcasting   | 3 |  3.0
Fighting       | |  3.4
Axes           | |  2.8
Dodging        | |  0.6
Shields        | |  0.7

Action                   |  1- 3 |  4- 6 || total
-------------------------+-------+-------++-------
Melee: Hand axe          |    19 |       ||    19
       Punch             |     1 |       ||     1
 Cast: Scorch            |    25 |     6 ||    31
  Use: Scroll            |     1 |       ||     1
Armor: Robe              |     9 |       ||     9
Dodge: Dodged            |    20 |       ||    20

Table legend: (Time is in decaauts)
 A = Elapsed time spent in this place.
 B = Non-inter-level travel time spent in this place.
 C = Inter-level travel time spent in this place.
 D = Time resting spent in this place.
 E = Time spent auto-exploring this place.
 F = Levels seen in this place.
 G = Mean time per level.
                   A        B        C        D        E       F      G
               +--------+--------+--------+--------+--------+-----+--------+
         Total |   1316 |   1224 |     92 |     77 |    939 |   2 |  658.0 |
       Dungeon |   1316 |   1224 |     92 |     77 |    939 |   2 |  658.0 |
               +--------+--------+--------+--------+--------+-----+--------+

Top non-repeatable levels by time:
     D:1: 918 daAuts
     D:2: 397 daAuts
